 Dungeon Crawl Stone Soup version 0.17-a0-2127-g1cb09f6 (webtiles) character file.

65 Gargoyl the Skirmisher (level 3, -1/29 HPs)
             Began as a Demonspawn Abyssal Knight on Oct 23, 2015.
             Was a Follower of Lugonu.
             Slain by a gnoll
             ... wielding a +0 flail
              (2 damage)
             ... on level 2 of the Dungeon.
             The game lasted 00:03:32 (1752 turns).

Gargoyl the Skirmisher (Demonspawn Abyssal Knight)  Turns: 1752, Time: 00:03:32

Health: -1/29      AC:  7    Str: 13    XL:     3   Next: 92%
Magic:  5/5        EV:  9    Int: 17    God:    Lugonu [*.....]
Gold:   42         SH:  0    Dex: 12    Spells: 0 memorised, 2 levels left

rFire  + . .     SeeInvis .     a - +1 hand axe
rCold  . . .     Clarity  .     d - +0 scale mail
rNeg   . . .     SustAt   .     (no shield)
rPois  .         Gourm    .     (no helmet)
rElec  .         Spirit   .     (no cloak)
rCorr  .         Warding  .     (no gloves)
rMut   .         Stasis   .     l - +0 pair of boots
MR     .....                    (no amulet)
Stlth  ..........               i - ring of protection from fire
                                g - +4 ring of intelligence

@: not resistant to hostile enchantments, extremely unstealthy
A: claws 1, rot immunity
a: Depart the Abyss, Renounce Religion


You were on level 2 of the Dungeon.
You worshipped Lugonu.
Lugonu was aware of your devotion.
You were not hungry.

You visited 1 branch of the dungeon, and saw 2 of its levels.
You visited the Abyss 1 time.

You collected 42 gold pieces.

Inventory:

Hand Weapons
 a - a +1 hand axe (weapon)
Armour
 d - a +0 scale mail (worn)
 l - a +0 pair of boots (worn)
Jewellery
 g - a +4 ring of intelligence (left claw)
 i - a ring of protection from fire (right claw)
Scrolls
 b - 2 scrolls of fear
 f - a scroll of random uselessness {unknown}
 k - a scroll of teleportation {unknown}
 n - a scroll of identify {unknown}
Comestibles
 c - a bread ration
 h - a meat ration


   Skills:
 + Level 3.6 Fighting
 + Level 2.1 Axes
 + Level 2.5 Armour
 + Level 1.5 Dodging
 + Level 3.0 Invocations


You had 2 spell levels left.
You didn't know any spells.

Dungeon Overview and Level Annotations

Branches:
Dungeon (2/15)

Altars:


Innate Abilities, Weirdness & Mutations

You have sharp fingernails.
You are immune to rotting.


Message History

There is an open door here.
There is a stone staircase leading down, spattered with blood here.
You start resting.
HP restored.
You climb downwards.
The gnoll hits you with a flail.
There is a stone staircase leading up here.
You barely miss the gnoll. The gnoll hits you with a flail!
You hit the gnoll but do no damage. The gnoll hits you with a flail!
* * * LOW HITPOINT WARNING * * *
You barely miss the gnoll. The gnoll hits you with a flail.
* * * LOW HITPOINT WARNING * * *
You aren't carrying any potions.
Unknown command.
You hit the gnoll.
The gnoll is lightly wounded.
The gnoll hits you but does no damage.
You barely miss the gnoll.
The gnoll is lightly wounded.
The gnoll hits you with a flail.
You die...

### ##.## #...#
#...# ##..##
#####..####
#...@.....# #
#..>.g....# #.
#.......>.# #..
#.........#
##..##.........#
#....#.##.#.####
#.........#.#
#........##.#
..........##.#
#########


You could see a gnoll.

Vanquished Creatures
  3 gnolls
  A giant gecko (D:1)
  2 ball pythons
  7 bats (D:1)
  3 giant cockroaches (D:1)
  3 hobgoblins
  6 kobolds
  A quokka (D:2)
  A giant newt (D:1)
  2 goblins (D:1)
  5 rats (D:1)
34 creatures vanquished.

Notes
Turn   | Place    | Note
--------------------------------------------------------------
     0 | Abyss:1  | Gargoyl the Demonspawn Abyssal Knight began the quest for the Orb.
     0 | Abyss:1  | Reached XP level 1. HP: 18/18 MP: 2/2
   129 | Abyss:1  | Noticed a blizzard demon
   130 | D:1      | Escaped the Abyss
   191 | D:1      | Reached * piety under Lugonu
   396 | D:1      | Reached skill level 1 in Dodging
   406 | D:1      | Gained mutation: You have sharp fingernails. [demonic ancestry]
   406 | D:1      | Reached XP level 2. HP: 24/24 MP: 4/4
  1093 | D:2      | Gained mutation: You are immune to rotting. [demonic ancestry]
  1093 | D:2      | Reached XP level 3. HP: 25/29 MP: 5/5
  1173 | D:2      | Found a faded altar to an unknown god.
  1750 | D:2      | HP: 1/29 [gnoll/flail (6)]
  1752 | D:2      | Slain by a gnoll

Vault maps used:
D:1:      minmay_arrival_up_and_down
D:2:      nicolae_overflow_crystal_walls, ecumenical_altar_1, hex_medium,
          serial_bayou_pond_c

Action                   || total
-------------------------++-------
Melee: Hand axe          ||   115
Invok: Depart the Abyss  ||     1
  Use: Scroll            ||     3
       Potion            ||     3
  Eat: Bread ration      ||     1
